 Dungeon Crawl Stone Soup version 0.30-a0-595-g91969c0fa5 (webtiles) character file.

Game seed: 2153226622662930823

232128 Athor the Hoplite (level 19, -4/152 HPs)
             Began as a Formicid Gladiator on Jan 6, 2023.
             Was a High Priest of Okawaru.
             Slain by a +3 mace of holy wrath (7 damage)
             ... animated by Zenata
             ... on level 1 of the Elven Halls.
             The game lasted 01:38:51 (32627 turns).

Athor the Hoplite (Formicid Gladiator)             Turns: 32627, Time: 01:38:52

Health: -4/152     AC: 28    Str: 20    XL:     19   Next: 81%
Magic:  20/21      EV: 16    Int:  9    God:    Okawaru [*****.]
Gold:   1229       SH: 36    Dex: 23    Spells: 17/18 levels left

rFire   . . .      SeeInvis +    E - +9 triple sword "Lypneh" {vamp, rC+ Dex+2}
rCold   + + .      Faith    .    B - +4 tower shield {AC+3}
rNeg    + . .      Spirit   .    o - +2 chain mail {rPois}
rPois   +          Reflect  +    (helmet unavailable)
rElec   .          Harm     .    x - scarf {repulsion}
rCorr   .          Rampage  +    C - +3 pair of gauntlets of War {Slay+5}
Will    ++...                    n - +2 pair of boots {rampage}
Stlth   +++                      Q - amulet of Okawaru's Scorn {Reflect -Tele rC+ SH+5 Stlth+}
HPRegen 0.45/turn                m - ring of positive energy
MPRegen 0.17/turn                b - ring of willpower

@: heroic, repel missiles
A: permanent stasis, dig shafts and tunnels, antennae 3, four strong arms
}: 2/15 runes: barnacled, gossamer
a: Dig, Shaft Self, Renounce Religion, Heroism, Finesse, Duel


You were on level 1 of the Elven Halls.
You worshipped Okawaru.
Okawaru was extremely pleased with you.
You visited 6 branches of the dungeon, and saw 28 of its levels.
You also visited: Ossuary and Gauntlet.

You collected 3207 gold pieces.
You spent 1978 gold pieces at shops.

Inventory:

Hand Weapons
 e - the +1 quick blade of Eternal Night {drain, *Rage Will+ Str+2 SInv}
   (You found it on level 4 of the Shoals)

   Str:       It affects your strength (+2).
   SInv:      It lets you see invisible.
   *Rage:     It berserks you when you make melee attacks (+20% chance).
   Will:      It increases your willpower.
 A - a +2 double sword of protection
 E - the +9 triple sword "Lypneh" (weapon) {vamp, rC+ Dex+2}
   (Okawaru gifted it to you on level 2 of the Spider Nest)

   Dex:       It affects your dexterity (+2).
   rC:        It protects you from cold.
 Z - a +1 longbow of flaming
Missiles
 c - 6 throwing nets
 l - 9 javelins
 s - 10 boomerangs of dispersal
 D - 49 poisoned darts
 F - 26 boomerangs (quivered)
 K - 6 curare-tipped darts
 M - 11 silver javelins
 W - 2 atropa-tipped darts
Armour
 f - the +9 chain mail of the Ant {SInv}
   (You bought it in a shop on level 12 of the Dungeon)

   SInv:      It lets you see invisible.
 n - a +2 pair of boots of rampaging (worn)
 o - a +2 chain mail of poison resistance (worn)
 x - a scarf of repulsion (worn)
 B - a +4 tower shield of protection (worn)
 C - the +3 pair of gauntlets of War (worn) {Slay+5}
   (You bought it in a shop on level 7 of the Dungeon)

   Slay:      It affects your accuracy & damage with ranged weapons and melee
   (+5).
 U - the +7 crystal plate armour of Duck's Teeth {Dex+2}
   (Okawaru gifted it to you on level 3 of the Spider Nest)

   Dex:       It affects your dexterity (+2).
Jewellery
 b - a ring of willpower (right hand)
 j - a ring of protection from cold
 m - a ring of positive energy (left hand)
 J - a ring of resist corrosion
 L - a ring of flight
 Q - the amulet of Okawaru's Scorn (around neck) {Reflect -Tele rC+ SH+5 Stlth+}
   (You found it on level 1 of the Elven Halls)

   [amulet of reflection]

   It reflects blocked missile attacks.
   rC:        It protects you from cold.
   -Tele:     It prevents most forms of teleportation.
   SH:        It affects your SH (+5).
   Stlth:     It makes you more stealthy.
 X - a ring of fire
Wands
 k - a wand of quicksilver (5)
 y - a wand of paralysis (40)
 G - a wand of digging (4)
 R - a wand of roots (9)
Scrolls
 g - 3 scrolls of magic mapping
 h - 3 scrolls of fear
 i - 7 scrolls of vulnerability
 H - 2 scrolls of enchant weapon
 I - 4 scrolls of fog
 O - a scroll of poison
 P - 3 scrolls of torment
 S - a scroll of brand weapon
 V - a scroll of silence
Potions
 a - 6 potions of might
 d - 3 potions of lignification
 p - 3 potions of resistance
 q - 2 potions of cancellation
 r - 4 potions of invisibility
 t - 11 potions of curing
 u - 6 potions of mutation
 v - 3 potions of flight
 w - 9 potions of ambrosia
 z - 9 potions of heal wounds
 N - 5 potions of attraction
Miscellaneous
 T - a phial of floods
 Y - a condenser vane


   Skills:
 + Level 14.0(19.0) Fighting
 + Level 18.5(23.5) Long Blades
 + Level 6.6(11.6) Ranged Weapons
 + Level 6.2(11.2) Throwing
 + Level 12.8(17.8) Armour
 + Level 6.9(11.9) Dodging
 + Level 5.6(10.6) Stealth
 + Level 21.1(26.1) Shields
 + Level 3.8 Invocations
 + Level 5.2 Evocations


You had 17 spell levels left.
You knew the following spells:

 Your Spells              Type           Power      Damage    Failure   Level
a - Apportation           Tloc           0%         N/A       89%         1

Your spell library contained the following spells:

 Spells                   Type           Power      Damage    Failure   Level
 Necrotise                Necr           0%         1d4       89%         1
 Sandblast                Erth           0%         2d4       89%         1
 Passwall                 Tmut/Erth      0%         N/A       96%         2
 Dazzling Flash           Conj/Hex       0%         N/A       99%         3
 Gell's Gravitas          Tloc           0%         N/A       99%         3
 Lesser Beckoning         Tloc           0%         N/A       99%         3
 Stone Arrow              Conj/Erth      0%         3d7       99%         3
 Teleport Other           Tloc           0%         N/A       99%         3
 Airstrike                Air            0%         2d(0-16)  100%        4
 Cause Fear               Hex            0%         N/A       100%        4
 Manifold Assault         Tloc           0%         N/A       100%        4
 Agony                    Necr           0%         N/A       100%        5
 Lightning Bolt           Conj/Air       0%         1d11      100%        5
 Silence                  Hex/Air        0%         N/A       100%        5
 Dispersal                Tloc           0%         N/A       100%        6
 Dragon Form              Tmut           0%         N/A       100%        7
 Disjunction              Tloc           0%         N/A       100%        8
 Death's Door             Necr           0%         N/A       100%        9
 Summon Small Mammal      Summ           Unusable   N/A       N/A         1
 Summon Lightning Spire   Summ/Air       Unusable   N/A       N/A         4
 Haunt                    Necr/Summ      Unusable   N/A       N/A         7
 Dragon's Call            Summ           Unusable   N/A       N/A         9

Dungeon Overview and Level Annotations

Branches:
Dungeon (12/15)            Temple (0/1) D:6            Lair (5/5) D:10
 Shoals (4/4) Lair:2       Spider (4/4) Lair:2        Slime (0/5) Lair:5
    Orc (2/2) D:12            Elf (1/3) Orc:2       Ossuary (visited)
Gauntlet (visited)

Altars:
Ashenzari
Dithmenos
Elyvilon
Fedhas
Gozag
Makhleb
Okawaru
Ru
Sif Muna
Trog
Uskayaw
Wu Jian
Yredelemnul
Zin

Shops:
D:3 (   D:4 !   D:5 !   D:7 ![   D:9 *   D:12 [=   Orc:2 !([!   Elf:1 *
Shoals:2 =

Annotations:
D:10 exclusion: oklob plant
Shoals:1 Roxanne
Elf:1 Zenata


Innate Abilities, Weirdness & Mutations

You cannot be hasted, slowed, berserked, paralysed or teleported.
You can dig through walls and to a lower floor.
You have a pair of large antennae on your head. (SInv)
Your four strong arms can wield two-handed weapons with a shield.


Message History

You slice Zenata!!
Zenata is heavily wounded.
The +3 scimitar of holy wrath hits you! The +3 mace of holy wrath misses you.
You block the +1 war axe of flaming's attack.
You block the +2 heavy glaive's attack. Zenata barely misses you.
You block the +3 scimitar of holy wrath's attack.
The +3 mace of holy wrath misses you.
You block the +1 war axe of flaming's attack.
You slice Zenata!!
Zenata is severely wounded.
You block the +3 scimitar of holy wrath's attack.
You block the +3 mace of holy wrath's attack.
The +1 war axe of flaming barely misses you.
The +2 heavy glaive hits you from afar!!!
You block Zenata's attack. The +3 scimitar of holy wrath hits you!
* * * LOW HITPOINT WARNING * * *
Unknown command.
You are too injured to fight recklessly!
Zenata attacks as you move away! You block Zenata's attack.
The +3 scimitar of holy wrath attacks as you move away!
You block the +3 scimitar of holy wrath's attack.
The +3 mace of holy wrath barely misses you.
You block the +3 mace of holy wrath's attack.
The +1 war axe of flaming hits you but does no damage.
You block the +3 scimitar of holy wrath's attack.
Zenata gestures at you while chanting.
A blast of power from the earth and the adjacent constructs strikes you!
* * * LOW HITPOINT WARNING * * *
You block the +3 mace of holy wrath's attack.
Okay, then.
You feel much better. The +3 scimitar of holy wrath hits you!
* * * LOW HITPOINT WARNING * * *
You block the +1 war axe of flaming's attack.
You block the +3 mace of holy wrath's attack.
The +2 heavy glaive hits you from afar!
* * * LOW HITPOINT WARNING * * *
You block the +3 scimitar of holy wrath's attack.
You block the +1 war axe of flaming's attack.
The +3 mace of holy wrath hits you!
You die...

##.#.............##
##..##.......##.#
#..####...### .#
#......##.# #+##
##.###.##.###..>##
#.###.##.##..^..##
#........#.......##
........#..(......#
.^......+.@((.....+
.....#.#..(......#
.....#.##..a....##
[### #. ##.....##
.#. ##...## .#.
#.... ..### ..# ..#


You could see Zenata and 4 dancing weapons.

Vanquished Creatures
  3 krakens
  Agnes (Elf:1)
  The ghost of Cygut the Warrior, an adept VSFi of Gozag (Elf:1)
  Donald (Shoals:2)
  3 emperor scorpions
  6 ghost moths
  Aizul (Lair:2)
  3 broodmothers
  Nessos (Lair:4)
  A deep elf annihilator (Elf:1)
  A spark wasp (Spider:4)
  A minotaur (Gauntlet)
  2 deep elf death magi (Elf:1)
  4 merfolk impalers
  2 merfolk javelineers
  2 entropy weavers
  Fannar (D:12)
  A jorogumo (Spider:2)
  A hydra (Lair:5)
  A centaur warrior (Shoals:2)
  5 merfolk avatars (Shoals:4)
  An alligator snapping turtle (Shoals:2)
  5 merfolk aquamancers
  3 dancing weapons (Elf:1)
  6 boulder beetles
  3 two-headed ogres
  3 satyrs
  2 pharaoh ants
  A sun moth (Spider:4)
  9 sea snakes
  A goliath frog (Lair:5)
  An obsidian statue (Elf:1)
  A deep elf archer (Elf:1)
  A lindwurm (Lair:4)
  9 orb spiders
  Pikel (D:5)
  3 steelbarb worms
  An orc knight (Orc:2)
  20 harpies
  6 deep elf zephyrmancers (Elf:1)
  3 fauns (Shoals:2)
  A deep elf pyromancer (Elf:1)
  15 wolf spiders
  2 moths of wrath (Spider:4)
  An orc sorcerer (Orc:1)
  18 manticores
  11 merfolk sirens
  5 cyclopes
  A rust devil (Gauntlet)
  5 water nymphs
  7 demonic crawlers
  2 apocalypse crabs
  5 black mambas
  A gargoyle (Gauntlet)
  5 torpor snails
  20 cane toads
  Maggie (D:7)
  2 unseen horrors
  2 kobold demonologists (D:9)
  A rime drake (Lair:2)
  13 komodo dragons
  3 trolls
  29 merfolk
  4 wind drakes
  7 hornets
  2 tyrant leeches (Lair:5)
  28 tarantellas
  17 blink frogs
  10 snapping turtles
  12 dream sheep
  5 flying skulls (Gauntlet)
  An air elemental (Elf:1)
  19 jumping spiders
  5 water elementals
  35 yaks
  16 culicivoras
  6 wyverns
  2 wraiths (D:12)
  A shadow (D:12)
  A ynoxinul (Gauntlet)
  2 basilisks (Lair:1)
  Grum (D:9)
  38 redbacks
  9 vampire mosquitoes
  3 large abominations (Elf:1)
  2 steam dragons
  3 acid dragons
  15 water moccasins
  2 ice beasts
  A black bear (Lair:2)
  A sky beast (D:8)
  30 orc warriors
  9 ogres
  20 centaurs
  19 wolves
  3 lemures (D:5)
  A phantom (D:5)
  4 kobold brigands
  4 elf zombies (Elf:1)
  15 bullfrogs
  A gnoll sergeant (D:9)
  A scorpion (D:4)
  2 earth elementals (Elf:1)
  3 necrophages
  A wight (D:8)
  23 killer bees
  7 howler monkeys
  An electric eel (Spider:3)
  5 centaur zombies
  3 bullfrog zombies (Ossuary)
  2 jellies
  3 hounds
  9 orc priests
  A gnoll bouda (D:7)
  2 iron imps (Gauntlet)
  18 mummies (Ossuary)
  Jessica (D:2)
  Terence (D:2)
  2 iguanas
  7 hell rats (Lair:3)
  18 orc wizards
  3 killer bee zombies (Ossuary)
  A hound skeleton (D:7)
  A howler monkey zombie (Ossuary)
  13 gnolls
  8 adders
  A shadow imp (D:7)
  An ufetubus (D:4)
  4 worms
  77 orcs
  3 ball pythons
  3 bats
  11 endoplasms
  7 giant cockroaches
  5 goblins
  4 hobgoblins
  8 jackals
  8 quokkas
  A frilled lizard (D:2)
  18 kobolds
  4 rats
  7 tentacles
924 creatures vanquished.

Vanquished Creatures (others)
  A tarantella (Spider:3)
  4 orcs (Orc:2)
  A demonic plant (Gauntlet)
  21 fungi
  105 plants
  24 tentacles
  5 withered plants (Ossuary)
161 creatures vanquished.

Grand Total: 1085 creatures vanquished

Notes
Turn   | Place    | Note
-------+----------+-------------------------------------------
     0 | D:1      | Athor the Formicid Gladiator began the quest for the Orb.
     0 | D:1      | Reached XP level 1. HP: 16/16 MP: 1/1
   111 | D:1      | Reached XP level 2. HP: 22/22 MP: 2/2
   800 | D:2      | Reached XP level 3. HP: 27/27 MP: 3/3
   843 | D:2      | Reached skill level 1 in Armour
  1088 | D:2      | Noticed Jessica
  1092 | D:2      | Killed Jessica
  1093 | D:2      | Reached XP level 4. HP: 34/34 MP: 4/4
  1163 | D:2      | Reached XP level 5. HP: 7/39 MP: 5/5
  1398 | D:2      | Noticed Terence
  1414 | D:2      | Killed Terence
  1609 | D:3      | Found Zeinuc's Antique Weapon Shoppe.
  1734 | D:3      | HP: 2/41 [gnoll/+0 halberd (5)]
  2195 | D:3      | Reached XP level 6. HP: 47/47 MP: 6/6
  2852 | D:4      | Reached skill level 5 in Long Blades
  3104 | D:4      | Found Qunk's Distillery.
  3113 | D:4      | Bought a potion of curing for 42 gold pieces
  3113 | D:4      | Bought a potion of heal wounds for 70 gold pieces
  3352 | D:4      | Found a large runed translucent door.
  3353 | D:4      | Found a large runed translucent door.
  3382 | D:4      | Found a hide-covered altar of Uskayaw.
  3392 | D:4      | Found an iron altar of Okawaru.
  3402 | D:4      | Became a worshipper of Warmaster Okawaru
  3712 | D:5      | Entered Level 5 of the Dungeon
  3745 | D:5      | Noticed an ogre
  3753 | D:5      | Killed an ogre
  3754 | D:5      | Reached XP level 7. HP: 45/52 MP: 7/7
  3783 | D:5      | Found a bloodstained altar of Trog.
  3943 | D:5      | Noticed Pikel
  3961 | D:5      | Killed Pikel
  3961 | D:5      | Reached * piety under Okawaru
  3962 | D:5      | Reached XP level 8. HP: 30/61 MP: 8/8
  4202 | D:5      | Reached skill level 1 in Evocations
  4204 | D:5      | Reached ** piety under Okawaru
  4213 | D:5      | Found Ilissya's Distillery.
  4224 | D:5      | Bought a potion of degeneration for 12 gold pieces
  4224 | D:5      | Bought a potion of curing for 36 gold pieces
  4224 | D:5      | Bought a potion of curing for 36 gold pieces
  4224 | D:5      | Bought a potion of curing for 36 gold pieces
  4304 | D:5      | Reached skill level 5 in Fighting
  4529 | D:6      | Found a staircase to the Ecumenical Temple.
  4554 | D:6      | Found an ornate altar of the Wu Jian Council.
  4565 | D:6      | Noticed a hornet
  4578 | D:6      | Killed a hornet
  4579 | D:6      | Reached skill level 5 in Armour
  4579 | D:6      | Reached skill level 1 in Stealth
  4579 | D:6      | Reached XP level 9. HP: 48/68 MP: 9/9
  5065 | D:6      | Reached *** piety under Okawaru
  5508 | D:7      | Found Def Naup's Distillery.
  5575 | D:7      | Found Korhous's Antique Armour Boutique.
  5586 | D:7      | Noticed a two-headed ogre
  5927 | D:7      | Noticed Maggie
  5943 | D:7      | Received a gift from Okawaru
  5958 | D:7      | Killed Maggie
  6012 | D:7      | Reached **** piety under Okawaru
  6013 | D:7      | Reached XP level 10. HP: 55/76 MP: 10/10
  6119 | D:7      | Found a burning altar of Makhleb.
  6333 | D:7      | Killed a two-headed ogre
  6334 | D:7      | Reached skill level 10 in Long Blades
  6513 | D:8      | Found a sand-covered staircase.
  6518 | Ossuary  | Entered an ossuary
  6773 | Ossuary  | Reached ***** piety under Okawaru
  6774 | Ossuary  | Reached skill level 1 in Ranged Weapons
  7432 | D:8      | Found a shadowy altar of Dithmenos.
  7920 | D:8      | Reached XP level 11. HP: 80/84 MP: 11/11
  8134 | D:8      | Found a white marble altar of Elyvilon.
  8281 | D:8      | Found a basalt altar of Yredelemnul.
  8701 | D:9      | Noticed Grum
  8759 | D:9      | Killed Grum
  9269 | D:9      | Found a glowing silver altar of Zin.
  9349 | D:9      | Identified a scroll of acquirement
  9349 | D:9      | Acquired a +2 tower shield of protection
  9406 | D:9      | Found Ytawnyu's General Store.
  9674 | D:9      | Found a shimmering blue altar of Sif Muna.
  9768 | D:10     | Entered Level 10 of the Dungeon
 10232 | D:10     | Found a broken altar of Ashenzari.
 10591 | D:10     | Reached skill level 1 in Shields
 10641 | D:10     | Found a sacrificial altar of Ru.
 10784 | D:10     | Reached skill level 2 in Shields
 10892 | D:10     | Found a staircase to the Lair.
 11163 | D:10     | Found a blossoming altar of Fedhas.
 11255 | D:10     | Reached skill level 3 in Shields
 11494 | D:10     | Noticed an oklob plant
 11736 | D:11     | Noticed a boulder beetle
 11770 | D:10     | Killed a boulder beetle
 11770 | D:10     | Received a gift from Okawaru
 11895 | D:11     | Reached skill level 4 in Shields
 12182 | D:11     | Noticed a cyclops
 12192 | D:11     | Killed a cyclops
 12325 | D:11     | Noticed a manticore
 12335 | D:11     | Killed a manticore
 12335 | D:11     | Identified the +1 plate armour "Seil" {rF- Str+3 Dex+5
                  | SInv} (Okawaru gifted it to you on level 11 of the Dungeon)
 12335 | D:11     | Received a gift from Okawaru
 12336 | D:11     | Reached XP level 12. HP: 44/94 MP: 12/12
 12768 | D:12     | Reached skill level 5 in Shields
 12878 | D:12     | Found a gate leading to a gauntlet.
 12883 | D:12     | Noticed Fannar
 12954 | D:12     | Killed Fannar
 12955 | D:12     | Reached skill level 6 in Shields
 12986 | Gauntlet | Entered a Gauntlet
 12986 | Gauntlet | Found a transporter.
 12999 | Gauntlet | Noticed a catoblepas
 13147 | Gauntlet | Found a transporter.
 13150 | Gauntlet | Found a transporter.
 13151 | Gauntlet | Found a transporter.
 13162 | Gauntlet | Found a transporter.
 13162 | Gauntlet | Found a transporter.
 13163 | Gauntlet | Found a transporter.
 13174 | Gauntlet | Found a transporter.
 13175 | Gauntlet | Found a transporter.
 13183 | Gauntlet | Found a transporter.
 13186 | Gauntlet | Found a transporter.
 13187 | Gauntlet | Found a transporter.
 13194 | Gauntlet | Found a runed translucent door.
 13195 | Gauntlet | Noticed an entropy weaver
 13197 | Gauntlet | Found a transporter.
 13232 | Gauntlet | Found a transporter.
 13278 | Gauntlet | Learned a level 1 spell: Apportation
 13541 | Gauntlet | Reached skill level 1 in Invocations
 13565 | Gauntlet | Reached skill level 7 in Shields
 13786 | Gauntlet | Noticed a minotaur
 13817 | Gauntlet | Killed a minotaur
 13818 | Gauntlet | Reached skill level 8 in Shields
 13833 | Gauntlet | Identified the ring "Kiedar" {MP+9 Int+6}
 14302 | D:12     | Found Tiocet's Jewellery Boutique.
 14421 | D:12     | Found a staircase to the Orcish Mines.
 14422 | D:12     | Noticed a two-headed ogre
 14438 | D:12     | Killed a two-headed ogre
 14537 | D:12     | Reached skill level 9 in Shields
 14765 | D:12     | Found Wabracag's Antique Armour Shoppe.
 14771 | D:12     | Bought a faintly humming chain mail for 304 gold pieces
 14771 | D:12     | Identified the +9 chain mail of the Ant {SInv} (You bought
                  | it in a shop on level 12 of the Dungeon)
 14898 | Lair:1   | Entered Level 1 of the Lair of Beasts
 14912 | Lair:1   | Reached skill level 10 in Armour
 15391 | Lair:1   | Reached skill level 10 in Shields
 15391 | Lair:1   | Reached XP level 13. HP: 73/101 MP: 14/14
 15547 | Lair:1   | Found a transporter.
 15549 | Lair:1   | Found a transporter.
 15891 | Lair:1   | Reached skill level 11 in Shields
 16707 | Lair:2   | Received a gift from Okawaru
 16791 | Lair:2   | Reached skill level 12 in Shields
 16892 | Lair:2   | Found a hole to the Spider Nest.
 17035 | Lair:2   | Found a staircase to the Shoals.
 17287 | Lair:2   | Reached skill level 5 in Ranged Weapons
 17981 | Lair:3   | Received a gift from Okawaru
 18104 | Lair:3   | Reached skill level 13 in Shields
 18433 | Lair:4   | Reached skill level 10 in Fighting
 18707 | Lair:4   | Reached XP level 14. HP: 79/110 MP: 15/15
 19072 | Lair:4   | Noticed Nessos
 19077 | Lair:4   | Identified the +3 ring mail of Oxtuz {-Cast rF+ rN+}
                  | (Okawaru gifted it to you on level 4 of the Lair of Beasts)
 19077 | Lair:4   | Received a gift from Okawaru
 19087 | Lair:4   | Killed Nessos
 19448 | Lair:5   | Entered Level 5 of the Lair of Beasts
 19471 | Lair:4   | Reached skill level 14 in Shields
 19870 | Lair:5   | Reached skill level 5 in Dodging
 19870 | Lair:5   | Reached skill level 15 in Shields
 19870 | Lair:5   | Reached skill level 5 in Evocations
 19870 | Lair:5   | Reached XP level 15. HP: 117/117 MP: 15/17
 20752 | Lair:5   | Found a staircase to the Slime Pits.
 21142 | Spider:1 | Entered Level 1 of the Spider Nest
 22318 | Spider:1 | Noticed Aizul
 22331 | Spider:1 | Reached skill level 5 in Stealth
 22675 | Lair:2   | HP: 2/117 [Aizul/bolt of poison (12)]
 22696 | Lair:2   | Killed Aizul
 23260 | Spider:1 | Reached skill level 16 in Shields
 23967 | Spider:2 | Reached XP level 16. HP: 125/125 MP: 18/18
 23975 | Spider:2 | Identified the +9 triple sword "Lypneh" {vamp, rC+ Dex+2}
                  | (Okawaru gifted it to you on level 2 of the Spider Nest)
 23975 | Spider:2 | Received a gift from Okawaru
 25086 | Spider:3 | Reached skill level 17 in Shields
 25375 | Spider:3 | Noticed an emperor scorpion
 25397 | Spider:3 | Killed an emperor scorpion
 25417 | Spider:3 | Received a gift from Okawaru
 25446 | Spider:3 | Reached skill level 5 in Throwing
 25456 | Spider:3 | Received a gift from Okawaru
 25564 | Spider:3 | Reached skill level 15 in Long Blades
 25641 | Spider:3 | Identified the +7 crystal plate armour of Duck's Teeth
                  | {Dex+2} (Okawaru gifted it to you on level 3 of the Spider
                  | Nest)
 25641 | Spider:3 | Received a gift from Okawaru
 26430 | Spider:4 | Entered Level 4 of the Spider Nest
 26627 | Spider:4 | Reached skill level 18 in Shields
 27122 | Spider:4 | Reached XP level 17. HP: 133/133 MP: 19/19
 27560 | D:7      | Bought the +3 pair of gauntlets of War {Slay+5} for 1187
                  | gold pieces
 27560 | D:7      | Found the +3 pair of gauntlets of War {Slay+5}
 28105 | Spider:4 | Reached XP level 18. HP: 141/141 MP: 20/20
 28137 | Spider:4 | Reached skill level 19 in Shields
 28140 | Spider:4 | Got a gossamer rune of Zot
 28394 | Shoals:1 | Entered Level 1 of the Shoals
 28529 | Shoals:1 | Identified Roxanne's Volume of Forms
 28529 | Shoals:1 | Noticed Roxanne
 28691 | Shoals:2 | Noticed Donald
 28708 | Shoals:2 | Killed Donald
 28832 | Shoals:2 | Found Dahausay's Jewellery Shoppe.
 28908 | Shoals:2 | Noticed a kraken
 28939 | Shoals:2 | Killed a kraken
 28984 | Shoals:1 | Received a gift from Okawaru
 29097 | Shoals:2 | Identified the +8 trident of the Sage {drain, rPois}
 29523 | Shoals:3 | Noticed a kraken
 29535 | Shoals:3 | Killed a kraken
 29554 | Shoals:4 | Entered Level 4 of the Shoals
 29581 | Shoals:4 | Reached skill level 20 in Shields
 29743 | Shoals:4 | Reached XP level 19. HP: 145/149 MP: 21/21
 29756 | Shoals:4 | Identified the +7 chain mail of Forking Paths {MP+9}
 29982 | Shoals:4 | Identified the +1 quick blade of Eternal Night {drain,
                  | *Rage Will+ Str+2 SInv}
 30075 | Shoals:4 | Reached ****** piety under Okawaru
 30194 | Shoals:4 | Got a barnacled rune of Zot
 30356 | Shoals:4 | Received a gift from Okawaru
 30494 | Shoals:4 | Received a gift from Okawaru
 30734 | Orc:1    | Entered Level 1 of the Orcish Mines
 30862 | Orc:2    | Entered Level 2 of the Orcish Mines
 31017 | Orc:2    | Found a staircase to the Elven Halls.
 31118 | Orc:2    | Found Boskalan's Antique Armour Shoppe.
 31118 | Orc:2    | Found Weimaess's Weapon Shop.
 31118 | Orc:2    | Found Ypoxoag's Distillery.
 31121 | Orc:2    | Found Hiwentum's Distillery.
 31130 | Orc:2    | Bought a potion of curing for 33 gold pieces
 31130 | Orc:2    | Bought a potion of curing for 33 gold pieces
 31130 | Orc:2    | Bought 3 potions of curing for 99 gold pieces
 31135 | Orc:2    | Bought a potion of heal wounds for 90 gold pieces
 31632 | Orc:1    | Identified the +0 robe of Valiance {Dex+7} (Okawaru gifted
                  | it to you on level 1 of the Orcish Mines)
 31632 | Orc:1    | Received a gift from Okawaru
 31870 | Elf:1    | Entered Level 1 of the Elven Halls
 32089 | Elf:1    | Identified the amulet of Okawaru's Scorn {Reflect -Tele rC+
                  | SH+5 Stlth+}
 32129 | Elf:1    | Noticed Agnes
 32140 | Elf:1    | Killed Agnes
 32144 | Elf:1    | Reached skill level 21 in Shields
 32195 | Elf:1    | Found a runed translucent gate.
 32195 | Elf:1    | Found a runed translucent gate.
 32195 | Elf:1    | Found an opulent altar of Gozag.
 32197 | Elf:1    | Found a runed translucent gate.
 32197 | Elf:1    | Noticed Cygut's ghost (adept VSFi)
 32198 | Elf:1    | Found Visooth's Assorted Antiques.
 32230 | Elf:1    | Killed Cygut's ghost
 32481 | Elf:1    | Got Ucoray's Tractate on Unhallowed Arts
 32615 | Elf:1    | Noticed Zenata
 32627 | Elf:1    | HP: 3/152 [+2 heavy glaive[Zenata] (13)]
 32627 | Elf:1    | Slain by a +3 mace of holy wrath

Illustrated notes

Levels and vault maps discovered:
D:1:      nicolae_arrival_somewhat_less_tricky_arrival, layout_rooms
D:2:      layout_loops_corners, uniq_jessica, uniq_terence
D:3:      layout_loops_cross, serial_shops, shop, minmay_crystal_room
D:4:      layout_loops_ring, jmf_multi_god_temple2, serial_shops, shop,
          kennysheep_boxes
D:5:      layout_rooms, trog_three_pillars_becter, serial_shops,
          nicolae_shop_crystal, hex_medium, uniq_pikel
D:6:      layout_loops_ring, nicolae_wu_jian_wuxing_cycle,
          minmay_temple_entry_statues_pillars
D:7:      layout_basic, makhleb_blood_cavern_becter, serial_shops,
          nicolae_shop_overgrown_old_shop, nicolae_diamond_shop, uniq_maggie
D:8:      layout_loops_ring, nicolae_dithmenos_through_a_glass_darkly,
          mainiacjoe_overflow_chevrons, lemuel_zombie_altar_yredelemnul,
          enter_ossuary_2, minivault_24, minmay_splitting_lines
D:9:      layout_cave_pools, led_sif_pool, kennysheep_little_box, serial_shops,
          nicolae_square_shop, uniq_grum
D:10:     layout_irregular_city, nicolae_ashenzari_panopticon,
          nicolae_ru_great_annihilating_truth, tgw_fedhas
D:11:     layout_basic, dreamdust_princess_corridor
D:12:     layout_basic, orc_0_dummy, serial_shops, shop_statue,
          nicolae_shop_temple_entry_statues_fountains, gauntlet_entry_generic,
          uniq_fannar
Lair:1:   gammafunk_boulding_lane, layout_hall_layers,
          chequers_serial_rivers_micro_e, beast_lair_carwin_8
Lair:2:   layout_misc_corridors, minmay_shoals_entry_centaurs,
          dummy_spider_entry, infiniplex_staircase_pool
Lair:3:   layout_hall_layers
Lair:4:   layout_hall_layers, uniq_nessos
Lair:5:   minmay_lair_end_frog_pond, layout_regular_city,
          dpeg_slime_entry_corner
Shoals:1: layout_shoals, uniq_roxanne
Shoals:2: layout_shoals, nicolae_shoals_c_island, uniq_donald
Shoals:3: layout_shoals
Shoals:4: shoals_end_hangedman, layout_shoals, ldierk_geyser
Spider:1: layout_spider_delve, uniq_aizul
Spider:2: layout_chambers
Spider:3: layout_spider_delve
Spider:4: spider_rune_water, spiders_nest_ghost_moth_duel
Orc:1:    layout_diamond_mine, basic_altar
Orc:2:    st_orc_rangers, layout_caves
Elf:1:    layout_loops_corners, ebering_ghost_gozag, minmay_elf_necromancy,
          billiards_dpeg, uniq_zenata, uniq_agnes

Skill      XL: |  1  2  3  4  5  6  7  8  9 10 11 12 13 14 15 16 17 18 19 |
---------------+----------------------------------------------------------+-----
Dodging        | 3 4 5 6 |  6.9
Armour         | 1 2 3 4 5 6 7 9 10 11 12 | 12.8
Long Blades    | 4 5 7 8 9 11 12 13 14 15 16 17 18 | 18.5
Fighting       | 3 4 5 6 7 8 9 10 11 12 13 14 | 14.0
Evocations     | 1 3 5 |  5.2
Stealth        | 1 3 4 5 |  5.6
Throwing       | 3 4 5 6 |  6.2
Ranged Weapons | 3 4 5 6 |  6.6
Shields        | 4 10 13 15 16 18 20 21 | 21.1
Invocations    | 1 2 3 |  3.8

Action                   |  1- 3 |  4- 6 |  7- 9 | 10-12 | 13-15 | 16-18 | 19-21 || total
-------------------------+-------+-------+-------+-------+-------+-------+-------++-------
Melee: Scimitar          |    84 |   172 |   254 |   153 |       |       |       ||   663
       Punch             |       |       |     5 |     9 |       |       |       ||    14
       Falchion          |       |       |       |   788 |  1024 |     5 |       ||  1817
       Dagger            |       |       |       |    91 |   125 |       |       ||   216
       Short sword       |       |       |       |   156 |    69 |       |       ||   225
       Triple sword      |       |       |       |       |       |   869 |   524 ||  1393
 Fire: Shortbow          |       |       |       |   159 |       |       |       ||   159
       Arbalest          |       |       |       |     7 |    50 |       |       ||    57
       Longbow           |       |       |       |       |   184 |       |       ||   184
Throw: Dart              |       |       |    16 |     7 |    16 |    20 |       ||    59
       Javelin           |       |       |     2 |     4 |       |    14 |       ||    20
       Boomerang         |       |       |       |    23 |    12 |    25 |    46 ||   106
Invok: Heroism           |       |       |       |    16 |    10 |    19 |     5 ||    50
       Finesse           |       |       |       |     1 |       |       |       ||     1
Evoke: Wand              |       |     1 |     6 |    17 |    70 |     4 |       ||    98
       Phial of floods   |       |       |       |       |       |     1 |       ||     1
  Use: Scroll            |     1 |     4 |     2 |    17 |     7 |       |       ||    31
       Potion            |       |     4 |     1 |     8 |     6 |     8 |     2 ||    29
 Stab: Sleeping          |     2 |       |       |       |       |       |       ||     2
       Paralysed         |       |       |     6 |     1 |    12 |       |       ||    19
       Distracted        |       |       |       |     1 |       |     1 |       ||     2
       Petrifying        |       |       |       |     2 |       |       |       ||     2
Armor: Leather armour    |    19 |       |       |       |       |       |       ||    19
       Crystal plate arm |    39 |   149 |   230 |   692 |       |       |       ||  1110
       Skin              |       |    15 |       |   120 |       |       |       ||   135
       Chain mail        |       |       |       |   106 |   551 |   419 |   286 ||  1362
       Plate armour      |       |       |       |    34 |       |       |       ||    34
       Acid dragon scale |       |       |       |     3 |       |       |       ||     3
Dodge: Dodged            |    42 |    28 |    42 |   232 |   317 |   353 |   364 ||  1378
       Repelled          |       |       |       |       |     3 |     4 |     8 ||    15
Block: Tower shield      |       |       |       |   800 |  1890 |  1541 |   945 ||  5176
       Reflection        |       |       |       |       |       |       |     2 ||     2

Table legend: (Time is in decaauts)
 A = Elapsed time spent in this place.
 B = Non-inter-level travel time spent in this place.
 C = Inter-level travel time spent in this place.
 D = Time resting spent in this place.
 E = Time spent auto-exploring this place.
 F = Levels seen in this place.
 G = Mean time per level.
                   A        B        C        D        E       F      G
               +--------+--------+--------+--------+--------+-----+--------+
         Total |  32749 |  30689 |   2060 |   3110 |  17243 |  30 | 1091.6 |
       Dungeon |  13600 |  12703 |    897 |   1062 |   8464 |  12 | 1133.3 |
          Lair |   8116 |   7659 |    457 |   1292 |   3871 |   5 | 1623.2 |
        Shoals |   2228 |   2094 |    134 |     70 |    191 |   4 |  557.0 |
   Spider Nest |   5266 |   4831 |    435 |    426 |   2781 |   4 | 1316.5 |
  Orcish Mines |   1122 |    987 |    135 |      0 |    770 |   2 |  561.0 |
   Elven Halls |    747 |    747 |      0 |      0 |    512 |   1 |  747.0 |
       Ossuary |    789 |    789 |      0 |     13 |    392 |   1 |  789.0 |
      Gauntlet |    879 |    879 |      0 |    246 |    261 |   1 |  879.0 |
               +--------+--------+--------+--------+--------+-----+--------+

Top non-repeatable levels by time:
  Lair:2: 2668 daAuts
    D:10: 2182 daAuts
  Lair:1: 1860 daAuts
  Lair:5: 1556 daAuts
     D:8: 1525 daAuts
Spider:4: 1494 daAuts
Spider:3: 1420 daAuts
Spider:2: 1377 daAuts
    D:12: 1252 daAuts
  Lair:4: 1201 daAuts
     D:4: 1139 daAuts
     D:9: 1136 daAuts
     D:6: 1121 daAuts
    D:11: 1022 daAuts
     D:3: 1011 daAuts
